 Dungeon Crawl Stone Soup version 0.21.1-1-g345015fe64 (webtiles) character file.

1205 Ivernyr the Covered (level 8, -4/61 HPs)
             Began as a Human Skald on Apr 22, 2018.
             Was an Initiate of Nemelex Xobeh.
             Slain by an orc warrior
             ... wielding a +0 dire flail
              (7 damage)
             ... on level 5 of the Dungeon.
             The game lasted 00:22:13 (8882 turns).

Ivernyr the Covered (Human Skald)                   Turns: 8882, Time: 00:22:14

Health: -4/61      AC:  9    Str: 12    XL:     8   Next: 73%
Magic:  5/11       EV: 11    Int: 16    God:    Nemelex Xobeh [......]
Gold:   350        SH:  0    Dex: 15    Spells: 6/11 levels left

rFire    + + .     SeeInvis .   a - +0 falchion
rCold    . . .     Gourm    .   (no shield)
rNeg     . . .     Faith    .   q - +1 ring mail {rF+}
rPois    .         Spirit   .   r - +0 helmet
rElec    .         Reflect  .   (no cloak)
rCorr    .         Harm     .   (no gloves)
MR       .....                  w - +0 pair of boots
Stlth    +.........             (no amulet)
HPRegen  0.20/turn              g - ring of protection from fire
MPRegen  0.12/turn              b - +3 ring of intelligence

@: infused, very slightly contaminated
A: no striking features
a: Renounce Religion


You were on level 5 of the Dungeon.
You worshipped Nemelex Xobeh.
Nemelex Xobeh was noncommittal.
You were not hungry.

You visited 2 branches of the dungeon, and saw 7 of its levels.

You collected 350 gold pieces.

Inventory:

Hand Weapons
 a - a +0 falchion (weapon)
Missiles
 z - 5 tomahawks (quivered)
Armour
 q - a +1 ring mail of fire resistance (worn)
 r - a +0 helmet (worn)
 w - a +0 pair of boots (worn)
Jewellery
 b - a +3 ring of intelligence (right hand)
 g - a ring of protection from fire (left hand)
 n - an uncursed ring of magical power
 o - an uncursed ring of positive energy
 y - an uncursed ring of protection from cold
 B - an uncursed amulet of harm {unknown}
Scrolls
 e - 3 scrolls of remove curse {unknown}
 f - 3 scrolls of teleportation {unknown}
 j - 7 scrolls of identify {unknown}
 l - 2 scrolls of enchant armour {unknown}
 m - a scroll of enchant weapon {unknown}
 p - a scroll of amnesia {unknown}
 v - a scroll of fog {unknown}
Potions
 h - 2 potions of haste {unknown}
 i - 3 potions of flight {unknown}
 k - a potion of curing {unknown}
 s - a potion of brilliance {unknown}
 u - 2 potions of heal wounds
 A - a potion of might {unknown}
Books
 c - a book of Battle

   Spells                             Type                      Level
   a - Infusion                       Charms                       1
   b - Shroud of Golubria             Charms/Translocation         2
   c - Song of Slaying                Charms                       2
   d - Spectral Weapon                Hexes/Charms                 3
   e - Regeneration                   Charms/Necromancy            3
 t - a book of Conjurations

   Spells                             Type                      Level
   a - Magic Dart                     Conjuration                  1
   b - Searing Ray                    Conjuration                  2
   c - Dazzling Spray                 Conjuration/Hexes            3
   d - Fulminant Prism                Conjuration/Hexes            4
   e - Force Lance                    Conjuration/Translocation    4
   f - Iskenderun's Mystic Blast      Conjuration                  4
 x - a book of Flames

   Spells                             Type                      Level
   a - Flame Tongue                   Conjuration/Fire             1
   b - Throw Flame                    Conjuration/Fire             2
   c - Conjure Flame                  Conjuration/Fire             3
   d - Inner Flame                    Hexes/Fire                   3
   e - Sticky Flame                   Conjuration/Fire             4
   f - Fireball                       Conjuration/Fire             5
Miscellaneous
 D - a plain deck of escape {drawn: 3}
Comestibles
 d - 7 rations


   Skills:
 + Level 4.8 Fighting
 + Level 4.7 Long Blades
 * Level 6.2 Armour
 - Level 2.0 Dodging
 - Level 2.0 Spellcasting
 - Level 5.0 Charms
 + Level 1.4 Invocations


You had 6 spell levels left.
You knew the following spells:

 Your Spells              Type           Power        Failure   Level  Hunger
a - Shroud of Golubria    Chrm/Tloc      #.........   22%         2    ###....
b - Song of Slaying       Chrm           ###.....     9%          2    ###....
c - Infusion              Chrm           ###.         5%          1    #......


Dungeon Overview and Level Annotations

Branches:
Dungeon (6/15)             Temple (1/1) D:4

Altars:
Ashenzari
Cheibriados
Dithmenos
Fedhas
Gozag
Kikubaaqudgha
Makhleb
Nemelex Xobeh
Okawaru
Qazlal
Ru
Sif Muna
Trog
Uskayaw
Wu Jian
Yredelemnul
Zin
The Shining One

Annotations:
D:3 Beodren's ghost, amateur MiFi
D:4 Beodren's ghost, amateur MiFi


Message History

The orc warrior closely misses you.
Casting: Shroud of Golubria
Confirm with . or Enter, or press ? or * to list all spells.
Space distorts slightly along a thin shroud covering your body.
The orc warrior hits you with a dire flail.
You hit the orc warrior but do no damage.
The orc warrior barely misses you.
You riposte.
You closely miss the orc warrior.
You hit the orc warrior but do no damage.
The orc warrior hits you with a dire flail!!
You barely miss the orc warrior. The orc warrior closely misses you.
You riposte.
You barely miss the orc warrior.
You hit the orc warrior but do no damage.
The orc warrior hits you with a dire flail!!
* * * LOW HITPOINT WARNING * * *
Your shroud falls apart!
You closely miss the orc warrior.
The orc warrior hits you with a dire flail!
You die...
Your body disappears without a glow.

.......##...........#
#.#####.##
##..##.##.##..####..#
##.###.###
##..##........####..#
##...##
.....#........##....#
#####
.#...#.##...........#
....(......#>h......#
.#.....###.#.###h####
.##.##........##o#
.##.##........##@#
....###.......##.# .#.##
#.......##.# .#.##
#.....>.##.####### ....#
#.......##.|.....# ##..#
#.......##..####.#
##..############....##.#
........# ##.#.##.#
#######.# #.#.##.#


You could see an orc warrior and a black bear.

Vanquished Creatures
  Grinder (D:4)
  2 sky beasts (D:5)
  An ogre (D:5)
  A centaur (D:6)
  A bullfrog (D:3)
  3 orc priests
  4 hounds
  A jelly (D:5)
  A bullfrog skeleton (D:6)
  Terence (D:3)
  An orc wizard (D:4)
  3 worker ants
  A hound skeleton (D:4)
  Robin (D:4)
  3 adders
  A shadow imp (D:5)
  An ooze (D:2)
  A worm (D:3)
  A dart slug (D:1)
  3 leopard geckos
  31 orcs
  A ball python (D:4)
  7 giant cockroaches
  16 goblins
  12 hobgoblins
  8 bats
  8 frilled lizards
  8 kobolds
  A quokka zombie (D:6)
  10 rats
134 creatures vanquished.

Notes
Turn   | Place    | Note
-------+----------+-------------------------------------------
     0 | D:1      | Ivernyr the Human Skald began the quest for the Orb.
     0 | D:1      | Reached XP level 1. HP: 16/16 MP: 3/3
   185 | D:1      | Reached XP level 2. HP: 21/22 MP: 5/5
   189 | D:1      | Learned a level 2 spell: Song of Slaying
   192 | D:1      | Learned a level 2 spell: Shroud of Golubria
   844 | D:1      | Reached XP level 3. HP: 20/27 MP: 6/6
  1160 | D:1      | Reached skill level 2 in Armour
  1303 | D:2      | Found a glowing golden altar of the Shining One.
  1670 | D:2      | Found a stormy altar of Qazlal.
  1670 | D:2      | Reached XP level 4. HP: 30/34 MP: 7/7
  2335 | D:3      | Reached XP level 5. HP: 20/39 MP: 6/8
  2563 | D:3      | Reached skill level 3 in Armour
  2648 | D:3      | Found a burning altar of Makhleb.
  2705 | D:3      | Noticed Beodren's ghost (amateur MiFi)
  3367 | D:3      | Noticed a bullfrog
  3376 | D:3      | Killed a bullfrog
  3376 | D:3      | Reached XP level 6. HP: 42/47 MP: 0/9
  3852 | D:3      | Noticed Terence
  3867 | D:3      | Killed Terence
  4565 | D:4      | Noticed Beodren's ghost (amateur MiFi)
  4569 | D:4      | Noticed Robin
  4993 | D:4      | Killed Robin
  5119 | D:4      | Found a staircase to the Ecumenical Temple.
  5143 | D:4      | Reached skill level 4 in Armour
  5316 | Temple   | Entered the Ecumenical Temple
  5752 | D:4      | Noticed Grinder
  5752 | D:4      | Paralysed by Grinder for 2 turns
  5771 | D:4      | Paralysed by Grinder for 5 turns
  5785 | D:4      | Paralysed by Grinder for 4 turns
  5797 | D:4      | Killed Grinder
  5797 | D:4      | Reached XP level 7. HP: 3/53 MP: 6/10
  6265 | D:4      | Found a hide-covered altar of Uskayaw.
  7035 | D:5      | Entered Level 5 of the Dungeon
  7085 | D:5      | Reached skill level 5 in Armour
  7142 | D:5      | Reached XP level 8. HP: 30/60 MP: 5/11
  7881 | D:5      | Reached skill level 5 in Charms
  8071 | D:5      | Found a sparkling altar of Nemelex Xobeh.
  8102 | D:5      | Became a worshipper of Nemelex Xobeh the Trickster
  8287 | D:5      | Received a gift from Nemelex Xobeh
  8547 | D:6      | Reached skill level 6 in Armour
  8547 | D:6      | Reached skill level 1 in Invocations
  8589 | D:6      | HP: 3/61 [acid (9)]
  8881 | D:5      | HP: 3/61 [orc warrior/dire flail (20)]
  8882 | D:5      | Slain by an orc warrior

Skill      XL: |  1  2  3  4  5  6  7  8 |
---------------+-------------------------+-----
Armour         | 2 3 4 5 6 |  6.2
Fighting       | 3 4 |  4.8
Long Blades    | 3 4 |  4.7
Charms         | 4 5 |  5.0
Invocations    | 1 |  1.4
Dodging        | |  2.0
Spellcasting   | |  2.0

Action                   |  1- 3 |  4- 6 |  7- 9 || total
-------------------------+-------+-------+-------++-------
Melee: Falchion          |   143 |   228 |   318 ||   689
 Cast: Shroud of Golubri |       |    15 |    21 ||    36
       Infusion          |       |     7 |     6 ||    13
       Song of Slaying   |       |     2 |     8 ||    10
Evoke: Deck              |       |       |     3 ||     3
 Stab: Sleeping          |       |     1 |       ||     1
  Eat: Chunk             |     2 |    11 |     9 ||    22
       Ration            |       |     1 |     2 ||     3
Armor: Leather armour    |    32 |    28 |       ||    60
       Ring mail         |       |    35 |   196 ||   231
Dodge: Dodged            |   118 |   155 |   187 ||   460
       Rpst.: Falchion   |    40 |    46 |    61 ||   147
